 Dungeon Crawl Stone Soup version 0.24.0-123-gd5b16e6ec5 (webtiles) character file.

Game seed: 8309394050578698602, levelgen mode: deterministic

2755 hazymike the Skirmisher (level 9, -10/93 HPs)
             Began as an Ogre Earth Elementalist on Feb 3, 2020.
             Was a Believer of Kikubaaqudgha.
             Killed from afar by Psyche (16 damage)
             ... with a puff of flame
             ... on level 8 of the Dungeon.
             The game lasted 00:47:45 (9515 turns).

hazymike the Skirmisher (Ogre Earth Elementalist)   Turns: 9515, Time: 00:47:45

Health: -10/93     AC:  5    Str: 16    XL:     9   Next: 68%
Magic:  24/24      EV: 11    Int: 17    God:    Kikubaaqudgha [**....]
Gold:   368        SH:  0    Dex:  9    Spells: 13/16 levels left

rFire    . . .     SeeInvis .   a - +1 flail (protect)
rCold    . . .     Gourm    .   (no shield)
rNeg     . . .     Faith    .   c - +0 robe
rPois    .         Spirit   .   w - +1 hat
rElec    .         Reflect  .   v - +0 cloak
rCorr    .         Harm     .   (gloves unavailable)
MR       +....                  (boots unavailable)
Stlth    +.........             (no amulet)
HPRegen  0.25/turn              k - ring of protection from magic
MPRegen  0.19/turn              r - ring of magical power

@: lethally poisoned (-10 -> -12), hasted, lightly drained, very quick
A: large, unfitting armour, tough skin 1
a: Receive Corpses, Renounce Religion


You were on level 8 of the Dungeon.
You worshipped Kikubaaqudgha.
Kikubaaqudgha was pleased with you.
You were not hungry.

You visited 1 branch of the dungeon, and saw 8 of its levels.

You collected 413 gold pieces.
You spent 45 gold pieces at shops.

Inventory:

Hand Weapons
 a - a +1 flail of protection (weapon)
Missiles
 b - 127 stones
 m - 19 poisoned darts
 t - 3 javelins (quivered)
 y - 3 boomerangs
Armour
 c - a +0 robe (worn)
 v - a +0 cloak (worn)
 w - a +1 hat (worn)
Jewellery
 k - a ring of protection from magic (left hand)
 q - an uncursed ring of flight
 r - a ring of magical power (right hand)
Wands
 B - a wand of polymorph (2)
Scrolls
 e - 2 scrolls of teleportation
 f - a scroll of fog {unknown}
 h - a scroll of blinking
 j - a scroll of enchant weapon
 n - 6 scrolls of remove curse
 C - a scroll of silence {unknown}
 D - 2 scrolls of identify
Potions
 g - a potion of degeneration {unknown}
 i - 3 potions of lignification
 l - 2 potions of ambrosia
 o - a potion of flight {unknown}
 p - 2 potions of magic
 s - a potion of berserk rage {unknown}
 x - 2 potions of heal wounds
 z - a potion of curing
 A - a potion of agility
Comestibles
 d - 4 rations


   Skills:
 + Level 7.4(6.9) Fighting
 * Level 4.6(4.2) Maces & Flails
 + Level 5.3(4.8) Dodging
 - Level 1.4(0.9) Stealth
 - Level 4.0(3.5) Spellcasting
 + Level 4.7(4.3) Necromancy
 - Level 1.0(0.6) Transmutations
 + Level 6.1(5.6) Earth Magic


You had 13 spell levels left.
You knew the following spells:

 Your Spells              Type           Power        Failure   Level  Hunger
a - Sandblast             Erth           ###...       1%          1    None
b - Passwall              Tmut/Erth      ##......     7%          2    ##.....

Your spell library contained the following spells:

 Spells                   Type           Power        Failure   Level  Hunger
 Pain                     Necr           ###.         2%          1    None
 Corpse Rot               Necr           N/A          4%          2    ##.....
 Sublimation of Blood     Necr           ###.......   4%          2    ##.....
 Stone Arrow              Conj/Erth      ##....       16%         3    ###....
 Magic Dart               Conj           #...         17%         1    None
 Regeneration             Chrm/Necr      ##........   21%         3    ###....
 Blink                    Tloc           N/A          26%         2    ##.....
 Call Imp                 Summ           #.......     26%         2    ##.....
 Slow                     Hex            #.......     26%         2    ##.....
 Petrify                  Tmut/Erth      ##......     41%         4    ####...
 Lee's Rapid Deconstruct  Erth           ###.......   41%         5    ######.
 Conjure Flame            Conj/Fire      #.......     45%         3    ###....
 Mephitic Cloud           Conj/Pois/Air  #.......     45%         3    ###....


Dungeon Overview and Level Annotations

Branches:
Dungeon (8/15)             Temple (0/1) D:5
   Lair: D:8-11

Altars:
Dithmenos
Elyvilon
Fedhas
Kikubaaqudgha
Nemelex Xobeh
Qazlal
Zin

Shops:
D:4 [=   D:5 *   D:7 [%}%}

Annotations:
D:8 Psyche


Innate Abilities, Weirdness & Mutations

You are too large for most types of armour.
You have tough skin. (AC +1)


Message History

Items here: ))) [[[ You feel sick.
The killer bee closely misses you.
The killer bee stings you but does no damage.
The killer bee stings you.
* * * LOW HITPOINT WARNING * * *
You feel sick. The killer bee closely misses you.
You feel yourself speed up. The killer bee barely misses you. x2
You hear some strange, mumbled words.
The killer bee stings you.
* * * LOW HITPOINT WARNING * * *
You are more poisoned.
The killer bee poisons you!
You feel sick. The killer bee stings you!
* * * LOW HITPOINT WARNING * * *
You feel sick.
A puff of flame appears from out of thin air!
The puff of flame hits you!
You die...
Kikubaaqudgha rasps: "You have failed me!
Welcome... death!"

#..........##
#####.....#...####.
...................
####......##.####.)
#......##.#
#.#..####<###
###.#..........
#...........##.
#.y@...###.....
####...#.## ###.
#...y..#.# .
###y##..##.# .#
..#.##..##.. ..###
#.#.##..##.#
....#####.#.##..##.#
..... ....#.##..##..
....# #..#y##..####


You could see 3 killer bees.

Vanquished Creatures
  Pikel (D:7)
  Sigmund (D:6)
  Edmund (D:5)
  2 phantoms (D:4)
  4 centaurs
  An ogre (D:7)
  2 bullfrogs
  A water moccasin zombie (D:8)
  7 wights
  2 crimson imps (D:5)
  3 howler monkeys (D:4)
  A bullfrog zombie (D:5)
  2 bullfrog skeletons
  2 hounds
  2 orc priests
  2 orc wizards
  3 iguanas
  7 worker ants
  A hound zombie (D:6)
  2 howler monkey skeletons
  8 gnolls (D:2)
  8 adders
  A shadow imp (D:2)
  2 oozes
  An adder zombie (D:8)
  An adder skeleton (D:8)
  A worm (D:2)
  3 dart slugs
  3 leopard geckos
  9 orcs
  3 giant cockroaches (D:4)
  4 hobgoblins
  15 jackals
  6 quokkas
  3 ball pythons
  6 bats
  5 frilled lizards
  5 goblins
  A jackal skeleton (D:4)
  10 kobolds
  A quokka zombie (D:6)
  10 rats
153 creatures vanquished.

Notes
Turn   | Place    | Note
-------+----------+-------------------------------------------
     0 | D:1      | hazymike the Ogre Earth Elementalist began the quest for
                  | the Orb.
     0 | D:1      | Reached XP level 1. HP: 16/16 MP: 3/3
   334 | D:1      | Reached XP level 2. HP: 15/26 MP: 0/5
   347 | D:1      | Reached skill level 1 in Fighting
  1057 | D:1      | Reached XP level 3. HP: 31/33 MP: 7/7
  1573 | D:2      | Learned a level 2 spell: Passwall
  1703 | D:2      | Reached skill level 1 in Transmutations
  1779 | D:2      | Reached skill level 2 in Fighting
  1779 | D:2      | Reached XP level 4. HP: 42/42 MP: 4/8
  2068 | D:2      | Reached XP level 5. HP: 31/50 MP: 1/10
  2237 | D:2      | Found an ancient bone altar of Kikubaaqudgha.
  2242 | D:2      | Became a worshipper of Kikubaaqudgha
  2607 | D:2      | Found a stormy altar of Qazlal.
  2852 | D:3      | Reached skill level 3 in Fighting
  2894 | D:3      | Found a blossoming altar of Fedhas.
  3064 | D:3      | Reached * piety under Kikubaaqudgha
  3064 | D:3      | Identified Kikubaaqudgha's Volume of Unholy Magic
                  | (Kikubaaqudgha gifted it to you on level 3 of the Dungeon)
  3064 | D:3      | Received a gift from Kikubaaqudgha
  3119 | D:3      | Reached XP level 6. HP: 56/61 MP: 7/11
  3123 | D:3      | Reached skill level 1 in Necromancy
  3567 | D:4      | Found Zowepsar's Armour Shop.
  3634 | D:4      | Bought a +0 cloak for 45 gold pieces
  3733 | D:4      | Noticed a phantom
  3758 | D:4      | Reached skill level 1 in Maces & Flails
  3771 | D:4      | Killed a phantom
  3771 | D:4      | Reached skill level 4 in Fighting
  3771 | D:4      | Reached XP level 7. HP: 35/70 MP: 5/13
  4204 | D:4      | Found Vickupae's Jewellery Shoppe.
  4299 | D:4      | Found a sparkling altar of Nemelex Xobeh.
  4387 | D:4      | Found a white marble altar of Elyvilon.
  4648 | D:5      | Entered Level 5 of the Dungeon
  4804 | D:5      | Found Zin's Purification Station.
  4807 | D:5      | Found a glowing silver altar of Zin.
  5049 | D:5      | Reached XP level 8. HP: 65/79 MP: 14/14
  5089 | D:5      | Reached skill level 5 in Fighting
  5093 | D:5      | Reached ** piety under Kikubaaqudgha
  5501 | D:5      | Found a staircase to the Ecumenical Temple.
  5502 | D:5      | Noticed Edmund
  5549 | D:5      | Killed Edmund
  5891 | D:5      | Reached skill level 5 in Earth Magic
  5941 | D:5      | Found a blossoming altar of Fedhas.
  5941 | D:5      | Found a shadowy altar of Dithmenos.
  6547 | D:6      | Reached skill level 6 in Fighting
  7058 | D:6      | Noticed Sigmund
  7421 | D:6      | Reached XP level 9. HP: 79/91 MP: 15/15
  7646 | D:6      | Killed Sigmund
  7856 | D:7      | Noticed Pikel
  7923 | D:7      | Killed Pikel
  7923 | D:7      | Reached skill level 7 in Fighting
  7923 | D:7      | Reached skill level 5 in Dodging
  8142 | D:7      | Found Pullerem's Gadget Emporium.
  8156 | D:7      | Found Plog's Food Shoppe.
  8325 | D:7      | Found Ecuesuh's Antique Armour Shop.
  8705 | D:7      | Found Xatiphex's Food Emporium.
  8743 | D:7      | Found Naentik's Gadget Emporium.
  9482 | D:8      | Noticed Psyche
  9515 | D:8      | Killed from afar by Psyche

Levels and vault maps discovered:
D:1:      dpeg_arrival_pond, layout_loops_ring, chequers_serial_rivers_marsh,
          minmay_misc_feat_iff, minmay_crystal_water, hex_large
D:2:      layout_rooms, old_standard_altar, kiku_gazebo_garden_becter,
          minmay_pentomino_w4
D:3:      layout_rooms, first_ration, minmay_misc_feat_secret_circle,
          grunt_ministairs_2, fedhas_altar_2
D:4:      layout_basic, nemelex_xobeh_ov_fountains_minmay, serial_shops,
          nicolae_shop_stone, shop, lemuel_altar_in_water
D:5:      layout_rooms, zin_purify, gammafunk_temple_overflow_wave,
          minmay_temple_entry_offerings, uniq_edmund
D:6:      layout_loops_ring, uniq_sigmund
D:7:      layout_basic, serial_shops, shop, shop_fountains, shop,
          nicolae_shop_statue_plus, shop, uniq_pikel
D:8:      layout_loops_ring, slow_altar_1, uniq_psyche

Skill      XL: |  1  2  3  4  5  6  7  8  9 |
---------------+----------------------------+-----
Fighting       | 1 2 3 4 6 7 |  7.4
Dodging        | 2 3 4 5 |  5.3
Earth Magic    | 3 4 5 6 |  6.1
Spellcasting   | 3 4 |  4.0
Transmutations | 1 |  1.0
Necromancy     | 1 2 3 4 |  4.7
Maces & Flails | 1 2 3 4 |  4.6
Stealth        | |  1.4

Action                   |  1- 3 |  4- 6 |  7- 9 || total
-------------------------+-------+-------+-------++-------
Melee: Dagger            |   126 |   164 |   103 ||   393
       Unarmed           |    20 |       |       ||    20
       Flail             |       |       |   198 ||   198
Throw: Stone             |    51 |    35 |     2 ||    88
       Dart              |       |    43 |    44 ||    87
       Javelin           |       |       |    25 ||    25
 Cast: Sandblast         |    10 |    36 |    75 ||   121
  Use: Scroll            |       |       |    14 ||    14
       Potion            |       |       |     2 ||     2
 Stab: Sleeping          |     1 |     1 |     2 ||     4
  Eat: Chunk             |     3 |     6 |     5 ||    14
       Ration            |       |       |     4 ||     4
Armor: Robe              |    55 |    34 |   118 ||   207
Dodge: Dodged            |    96 |    85 |   207 ||   388
